 Dungeon Crawl Stone Soup version 0.19-a0-979-g9f96267 (webtiles) character file.

114 Deemzul the Sneak (level 4, -3/32 HPs)
             Began as an Octopode Monk on July 14, 2016.
             Slain by a kobold
             ... wielding a +0 club
              (6 damage)
             ... on level 3 of the Dungeon.
             The game lasted 00:02:00 (1696 turns).

Deemzul the Sneak (Octopode Monk)                   Turns: 1696, Time: 00:02:01

Health: -3/32      AC:  1    Str: 10    XL:     4   Next: 97%
Magic:  4/4        EV: 14    Int: 16    God:
Gold:   106        SH:  0    Dex: 15    Spells: 0 memorised, 3 levels left

rFire  . . .     SeeInvis .     a - +0 falchion
rCold  . . .     Gourm    .     (no shield)
rNeg   . . .     Faith    .     (helmet restricted)
rPois  .         Spirit   .     (no amulet)
rElec  .         Dismiss  .     u - +4 ring of intelligence
rCorr  .         Reflect  .     (no ring)
SustAt .         Harm     .     (no ring)
MR     .....                    (no ring)
Stlth  ++++......               (no ring)
                                (no ring)
                                (no ring)
                                (no ring)

@: lethally poisoned (-3 -> -21), slowed, very slow, not resistant to hostile
enchantments, stealthy
A: almost no armour, amphibious, 8 rings, constrict 8, camouflage 1, gelatinous
body 1
a: no special abilities


You were on level 3 of the Dungeon.
You were not hungry.

You visited 1 branch of the dungeon, and saw 3 of its levels.

You collected 106 gold pieces.

Inventory:

Hand Weapons
 a - a +0 falchion (weapon)
Jewellery
 u - a +4 ring of intelligence (left tentacle)
 w - an uncursed ring of fire
Scrolls
 c - 2 scrolls of remove curse {unknown}
 g - 3 scrolls of identify {unknown}
 j - a scroll of enchant weapon {unknown}
 k - a scroll of teleportation {unknown}
 m - 3 scrolls of fog {unknown}
 n - a scroll of noise {unknown}
 r - a scroll of immolation {unknown}
 s - a scroll of magic mapping {unknown}
 v - a scroll of amnesia {unknown}
Potions
 d - 2 potions of might {unknown}
 e - 2 potions of magic {unknown}
 f - a potion of cancellation {unknown}
 h - 2 potions of curing {unknown}
 l - a potion of berserk rage {unknown}
 o - a potion of ambrosia {unknown}
 q - 2 potions of mutation {unknown}
Comestibles
 b - 3 bread rations
 i - a meat ration
 p - 5 fruits


   Skills:
 + Level 3.6 Fighting
 * Level 4.0 Long Blades
 + Level 3.6 Dodging
 + Level 4.2 Stealth


You had 3 spell levels left.
You didn't know any spells.

Dungeon Overview and Level Annotations

Branches:
Dungeon (3/15)

Altars:


Innate Abilities, Weirdness & Mutations

You cannot wear most types of armour.
You are amphibious.
You can wear up to eight rings at the same time.
You can use your tentacles to constrict eight enemies at once.
Your skin changes colour to match your surroundings (Stealth+).
Your rubbery body absorbs attacks. (AC +1)


Message History

You feel as though you will be slow longer.
You see here a curare-tipped needle.
You feel very sick.
The kobold shoots a curare-tipped needle.
The curare-tipped needle closely misses you.
You closely miss the kobold. Your grab misses the kobold.
Your squeeze misses the kobold.
You feel very sick.
The kobold unwields an uncursed blowgun.
The kobold wields an uncursed club.
The kobold hits you with an uncursed club.
* * * LOW HITPOINT WARNING * * *
Unknown command.
You hit the kobold but do no damage. Your grab misses the kobold.
* * * LOW HITPOINT WARNING * * *
You feel very sick.
The kobold hits you with an uncursed club.
* * * LOW HITPOINT WARNING * * *
The kobold hits you with an uncursed club.
You die...

##..... ##.#
.....##
#######.#####
.....#
............#
###(...
........(...#
###..............#
..........(...#
###..#
............#
....##
........(.$.#
###...
........@...#
....#
.#######K##.....
...### #.# .....
...... #.# #....
...### #.# ....
...# #.. .## ...#
... ...# ... ...#


You could see a kobold.

Vanquished Creatures
  3 adders (D:2)
  An ooze (D:3)
  3 worms (D:2)
  3 giant geckos
  A ball python (D:1)
  9 bats
  A giant cockroach (D:3)
  7 goblins
  9 hobgoblins
  10 jackals
  9 kobolds
  4 giant newts
  5 rats
65 creatures vanquished.

Notes
Turn   | Place    | Note
-------+----------+-------------------------------------------
     0 | D:1      | Deemzul the Octopode Monk began the quest for the Orb.
     0 | D:1      | Reached XP level 1. HP: 16/16 MP: 1/1
   104 | D:1      | Reached XP level 2. HP: 21/21 MP: 2/2
   287 | D:1      | Reached XP level 3. HP: 19/26 MP: 3/3
   845 | D:2      | Reached XP level 4. HP: 5/31 MP: 4/4
  1696 | D:3      | Slain by a kobold

Vault maps used:
D:1:      lemuel_arrival_river_bridge, nrook_loot_triangle
D:2:      kennysheep_boxes

Skill      XL: |  1  2  3  4 |
---------------+-------------+-----
Stealth        | 3 4 |  4.2
Long Blades    | 4 |  4.0
Fighting       | |  3.6
Dodging        | |  3.6

Action                   |  1- 3 |  4- 6 || total
-------------------------+-------+-------++-------
Melee: Falchion          |    83 |    55 ||   138
       Constrict         |    19 |    11 ||    30
       Tentacles         |     7 |    12 ||    19
 Stab: Sleeping          |    12 |    11 ||    23
  Eat: Chunk             |       |     3 ||     3
Armor: Skin              |     7 |     4 ||    11
Dodge: Dodged            |    36 |    30 ||    66
